 Dungeon Crawl Stone Soup version 0.32-a0-961-gd60f5e5fc7 (webtiles) character file.

Game seed: 1035472705544827956

56 Nietzsche the Poker (level 3, -1/28 HPs)
             Began as a Merfolk Gladiator on Apr 17, 2024.
             Slain by an adder (4 damage)
             ... on level 1 of the Dungeon.
             The game lasted 00:01:51 (943 turns).

Nietzsche the Poker (Merfolk Gladiator)              Turns: 943, Time: 00:01:51

Health: -1/28      AC:  4    Str: 20    XL:     3   Next: 95%
Magic:  4/5        EV: 12    Int:  9    God:
Gold:   28         SH:  0    Dex: 15    Spells: 4/4 levels left

rFire   . . .        a - +0 trident
rCold   . . .        (no shield)
rNeg    . . .        b - +0 leather armour
rPois   .            c - +0 helmet
rElec   .            (no cloak)
rCorr   .            (no gloves)
SInv    .            (no boots)
Will    .....        (no amulet)
Stlth   +            i - +6 ring of strength
HPRegen 0.24/turn    (no ring)
MPRegen 0.09/turn

%: no passive effects
@: lethally poisoned (-1 -> -5)
A: (nimble swimmer 2), mertail
a: no special abilities


You were on level 1 of the Dungeon.
You visited 1 branch of the dungeon, and saw 2 of its levels.

You collected 28 gold pieces.

Inventory:

Hand Weapons
 a - a +0 trident (weapon)
Missiles
 d - 3 throwing nets (quivered)
 e - a javelin
Armour
 b - a +0 leather armour (worn)
 c - a +0 helmet (worn)
Jewellery
 i - a +6 ring of strength (left hand)
 j - an amulet of reflection
Scrolls
 f - 2 scrolls of teleportation {unknown}
 g - 3 scrolls of identify {unknown}


   Skills:
 + Level 2.7 Fighting
 + Level 4.7 Polearms
 + Level 2.0 Throwing
 + Level 0.2 Armour
 + Level 4.3 Dodging
 + Level 0.6 Stealth
 * Level 1.3 Spellcasting


You had 4 spell levels left.
You didn't know any spells.
Your spell library was empty.

Dungeon Overview and Level Annotations

Branches:
Dungeon (2/15)

Altars:


Innate Abilities, Weirdness & Mutations

((You are very nimble when in or above water. (Stealth+, EV+, Speed+++)))
Your lower body shifts to a powerful aquatic tail in water.


Message History

The adder misses you. x2
You miss the adder.
The adder is almost dead.
The adder closely misses you. The adder bites you.
You are poisoned.
The adder poisons you! The adder bites you.
You are more poisoned.
The adder poisons you! The adder barely misses you.
You puncture the adder!
You kill the adder!
You feel very sick. The adder barely misses you.
You hit the adder.
The adder is moderately wounded.
You feel sick. The adder bites you.
You are lethally poisoned!
The adder poisons you! The adder barely misses you.
You are too injured to fight recklessly!
You are too injured to fight recklessly!
You are too injured to fight recklessly!
You are too injured to fight recklessly!
You are too injured to fight recklessly!
You closely miss the adder.
The adder is moderately wounded.
You feel very sick. The adder bites you.
You closely miss the adder.
The adder is moderately wounded.
* * * LOW HITPOINT WARNING * * *
You feel very sick. The adder bites you but does no damage.
The adder misses you.
You hit the adder.
The adder is heavily wounded.
* * * LOW HITPOINT WARNING * * *
You feel sick. The adder closely misses you.
You closely miss the adder.
The adder is heavily wounded.
* * * LOW HITPOINT WARNING * * *
You feel sick. The adder bites you.
You die...

..##### #.##..#
#.#####
..########.##..###
#.....#
........##.......#
###.###
........#####....#
#.# ........#
#....# #.#
........# #....#
##.### ........#
#....# #....#
........#
#..).########.#.##
........#
#...@)....รท......#
........#
#.#S#########.#.##
.....)..# ##.#.#
#.#.# #.#######
#..#.# #.#.# #.#
#.##.# #.#.#
#.##########.##.#
#.#.#
#.............#.#
#)#.#
###############.#
#.#.# #.#######
#.#.#


You could see an adder.

Vanquished Creatures
  3 gnolls (D:1)
  An adder (D:1)
  A ball python (D:1)
  5 endoplasms (D:1)
  A giant cockroach (D:1)
  3 goblins (D:1)
  2 bats (D:1)
  2 kobolds (D:1)
  A rat (D:1)
19 creatures vanquished.

Notes
Turn   | Place    | Note
-------+----------+-------------------------------------------
     0 | D:1      | Nietzsche the Merfolk Gladiator began the quest for the
                  | Orb.
     0 | D:1      | Reached XP level 1. HP: 16/16 MP: 1/1
   294 | D:1      | Reached XP level 2. HP: 23/23 MP: 2/2
   434 | D:1      | Reached skill level 1 in Spellcasting
   738 | D:1      | Reached XP level 3. HP: 5/28 MP: 4/4
   943 | D:1      | Slain by an adder

Illustrated notes

Levels and vault maps discovered:
D:1:      minmay_arrival_plants_in_alcoves, layout_basic
D:2:      layout_loops_ring, basic_altar, minmay_misc_feat_cross, minmay_vboxes,
          uniq_natasha

Skill      XL: |  1  2 |
---------------+-------+-----
Spellcasting   | 1 |  1.3
Fighting       | |  2.7
Polearms       | |  4.7
Throwing       | |  2.0
Armour         | |  0.2
Dodging        | |  4.3
Stealth        | |  0.6

Action                     || total
---------------------------++-------
  Melee: Trident           ||    57
    Use: Potion            ||     1
   Stab: Sleeping          ||     2
 Armour: Leather armour    ||    30
  Dodge: Dodged            ||    46

Table legend: (Time is in decaauts)
 A = Elapsed time spent in this place.
 B = Non-inter-level travel time spent in this place.
 C = Inter-level travel time spent in this place.
 D = Time resting spent in this place.
 E = Time spent auto-exploring this place.
 F = Levels seen in this place.
 G = Mean time per level.
                   A        B        C        D        E       F      G
               +--------+--------+--------+--------+--------+-----+--------+
         Total |    949 |    949 |      0 |      0 |    795 |   2 |  474.5 |
       Dungeon |    949 |    949 |      0 |      0 |    795 |   2 |  474.5 |
               +--------+--------+--------+--------+--------+-----+--------+

Top non-repeatable levels by time:
     D:1: 937 daAuts
     D:2: 12 daAuts
